 Dungeon Crawl Stone Soup version 0.20-a0-1025-g4706f7e (webtiles) character file.

141 Gorglomux the Insei (level 4, -2/35 HPs)
             Began as a Demigod Transmuter on Apr 19, 2017.
             Killed from afar by Ijyb (10 damage)
             ... with a wand of flame (?/48)
             ... on level 3 of the Dungeon.
             The game lasted 00:07:44 (2943 turns).

Gorglomux the Insei (Demigod Transmuter)            Turns: 2943, Time: 00:07:45

Health: -2/35      AC:  2    Str: 13    XL:     4   Next: 73%
Magic:  5/11       EV: 19    Int: 19    God:
Gold:   234        SH:  0    Dex: 21    Spells: 2/8 levels left

rFire    . . .     SeeInvis .     - Unarmed
rCold    . . .     Gourm    .   (shield currently unavailable)
rNeg     . . .     Faith    .   (armour currently unavailable)
rPois    x         Spirit   .   (helmet currently unavailable)
rElec    .         Reflect  .   (cloak currently unavailable)
rCorr    .         Harm     .   (gloves currently unavailable)
MR       .....                  (boots currently unavailable)
Stlth    ++........             (no amulet)
Regen    0.2/turn               (no ring)
MPRegen  0.2/turn               (no ring)

@: spider-form
A: high mp 1
a: End Transformation


You were on level 3 of the Dungeon.
You were not hungry.
You were a venomous arachnid creature.
You visited 1 branch of the dungeon, and saw 3 of its levels.

You collected 234 gold pieces.

Inventory:

Missiles
 a - 29 arrows
Armour
 b - a +0 robe (melded)
 i - a +0 pair of gloves (melded)
   (You found it on level 1 of the Dungeon)
 u - a cursed +0 helmet (melded)
   (You took it off Robin on level 3 of the Dungeon)
 v - a +1 cloak (melded)
   (You took it off Crazy Yiuf on level 3 of the Dungeon)
Jewellery
 l - an uncursed ring of protection from cold {unknown}
   (You found it on level 1 of the Dungeon)
Wands
 s - a wand of iceblast (5/15)
   (You found it on level 3 of the Dungeon)
Scrolls
 j - 2 scrolls of remove curse {unknown}
 o - a scroll of magic mapping {unknown}
 p - a scroll of blinking {unknown}
 q - 2 scrolls of amnesia {unknown}
 t - a scroll of enchant armour {unknown}
Potions
 e - a potion of flight {unknown}
 h - a potion of curing {unknown}
 k - a potion of cancellation {unknown}
 m - a potion of berserk rage {unknown}
 n - 2 potions of agility {unknown}
Books
 c - a book of Changes
Comestibles
 d - 3 bread rations {@e1@e1}
 f - 3 fruits
 g - 2 royal jellies


   Skills:
 - Level 1.0 Fighting
 - Level 1.7 Dodging
 - Level 4.0 Unarmed Combat
 * Level 2.9 Spellcasting
 + Level 2.5 Transmutations


You had 2 spell levels left.
You knew the following spells:

 Your Spells              Type           Power        Failure   Level  Hunger
a - Beastly Appendage     Tmut           ##....       16%         1    None
c - Spider Form           Tmut/Pois      #.........   47%         3    ###....
s - Sticks to Snakes      Tmut           ##......     22%         2    ##.....


Dungeon Overview and Level Annotations

Branches:
Dungeon (3/15)

Annotations:
D:3 Ijyb


Innate Abilities, Weirdness & Mutations

You have an increased reservoir of magic. (+10% MP)


Message History

A rat comes into view.
MP restored: 11 A rat is nearby!
Unknown command.
A rat is nearby!
A rat is nearby!
A rat is nearby!
You miscast Beastly Appendage.
You are very lightly contaminated with residual magic.
Multicoloured lights dance before your eyes!
You now have 10/11 mp.
Your talons disappear.
The rat bites you but does no damage.
You see here 18 sling bullets.
You hit the rat. You punch the rat.
You kill the rat!
Unknown command.
No target in view!
You now have 227 gold pieces (gained 16).
A bat comes into view.
The bat hits you but does no damage.
MP restored: 11 A bat is nearby!
A bat is nearby!
A bat is nearby!
Your feet morph into talons.
The bat closely misses you. The bat hits you but does no damage.
Unknown command.
You now have 10/11 mp.
You closely miss the bat. Your kick misses the bat.
The bat barely misses you. x2
Unknown command.
The bat hits you. The bat hits you but does no damage.
You take 1 damage, and have 34/35 hp.
You hit the bat.
You kill the bat!
Health restored: 35 No target in view!
No target in view!
You now have 234 gold pieces (gained 7).
Your magical contamination has completely faded away.
Your transformation is almost over.
Your talons disappear.
You open the door.
There is an open door here.
You see here a chain mail.
Eating a chunk of flesh {@w0@w0}.
You eat the chunk of flesh {@w0@w0}.
You see here 19 bolts.
Ijyb the Twisted Goblin comes into view.
She is wielding a club.
Ijyb shouts!
Found 25 stones.
Found an escape hatch in the floor.
MP restored: 11 Ijyb is nearby!
Unknown command.
Ijyb is nearby!
Your feet morph into talons.
Unknown command.
You now have 10/11 mp.
Ijyb is nearby!
A goblin comes into view. It is wielding a club.
Unknown command.
Okay, then.
Okay, then.
Unknown command.
You fail to extend your transformation any further.
The goblin shouts!
You now have 9/11 mp.
Your talons disappear.
You turn into a venomous arachnid creature.
Your +1 cloak melds into your body.
Your cursed +0 helmet melds into your body.
Your +0 pair of gloves melds into your body.
Your +0 robe melds into your body.
You now have 6/11 mp.
You hit Ijyb.
Ijyb is poisoned.
Ijyb zaps a wand.
The puff of flame hits you!
It is a wand of flame (?/48).
You take 14 damage, and have 21/35 hp.
MASSIVE DAMAGE!!
You are too injured to fight recklessly!
You are too injured to fight recklessly!
You are too injured to fight recklessly!
Unknown command.
You are too injured to fight recklessly!
You hit Ijyb but do no damage.
Ijyb looks as sick as possible!
Ijyb screams, "Level is mine!
All mine!"
Ijyb hits you with a club.
You take 2 damage, and have 19/35 hp.
You hit Ijyb but do no damage.
Unknown command.
You hit Ijyb but do no damage. Ijyb closely misses you.
You hit Ijyb.
Ijyb looks as sick as possible!
Ijyb zaps a wand.
The puff of flame hits you!
* * * LOW HITPOINT WARNING * * *
You take 12 damage, and have 8/35 hp.
MASSIVE DAMAGE!!
You create a snake!
You now have 29 arrows.
Ijyb zaps a wand.
The puff of flame hits you!
You die...

.#.# #....####...# ...#
#....####...# #..#
#.......#.#.# . #..#
#..<###...#.# ..
#..###..<........# ...
†............(#### ..>.
#..#+#........# .....
........)..##.####...)(.
............#.S.sgg.....
..>........#######.#####
.......###.# # ########
.# .# .. ##


You could see Ijyb, a goblin and a friendly adder.

Vanquished Creatures
  Crazy Yiuf (D:3)
  Robin (D:3)
  2 adders
  A worm (D:2)
  2 dart slugs
  4 leopard geckos
  An orc (D:3)
  2 ball pythons (D:2)
  3 giant cockroaches
  7 goblins
  6 hobgoblins
  5 jackals (D:2)
  A quokka (D:2)
  7 bats
  A frilled lizard (D:1)
  5 kobolds (D:2)
  9 rats
58 creatures vanquished.

Vanquished Creatures (collateral kills)
  2 adders
  A hobgoblin (D:3)
  A quokka (D:3)
  A rat (D:3)
5 creatures vanquished.

Grand Total: 63 creatures vanquished

Notes
Turn   | Place    | Note
-------+----------+-------------------------------------------
     0 | D:1      | Gorglomux the Demigod Transmuter began the quest for the Orb.
     0 | D:1      | Reached XP level 1. HP: 15/15 MP: 5/5
    95 | D:1      | Reached skill level 3 in Unarmed Combat
   159 | D:1      | HP: 2/15 [rat (2)]
   529 | D:1      | Reached XP level 2. HP: 12/22 MP: 5/7
   608 | D:1      | Found a sparkling altar of Nemelex Xobeh.
   787 | D:1      | Learned a level 2 spell: Sticks to Snakes
  1118 | D:2      | Reached XP level 3. HP: 7/27 MP: 5/8
  1371 | D:2      | Reached skill level 4 in Unarmed Combat
  1383 | D:2      | Reached skill level 1 in Fighting
  1645 | D:2      | Reached skill level 2 in Spellcasting
  1648 | D:2      | Reached skill level 2 in Transmutations
  2236 | D:3      | Found a runed door.
  2346 | D:3      | Reached XP level 4. HP: 35/35 MP: 7/10
  2350 | D:3      | Noticed Robin
  2375 | D:3      | Killed Robin
  2399 | D:3      | Learned a level 3 spell: Spider Form
  2574 | D:3      | Noticed Crazy Yiuf
  2582 | D:3      | Killed Crazy Yiuf
  2933 | D:3      | Noticed Ijyb
  2942 | D:3      | HP: 8/35 [Ijyb/wand of flame (?/48) (12)]
  2943 | D:3      | Killed from afar by Ijyb

Vault maps used:
D:1:      onia_arrival_mini_maze, minmay_misc_feat_roman,
          nemelex_xobeh_ov_fountains_minmay
D:2:      grunt_ministairs_10, moated_statue
D:3:      dk_noncrumbling_3, uniq_iyjb, uniq_crazy_yiuf_cottage, uniq_robin

Skill      XL: |  1  2  3 |
---------------+----------+-----
Unarmed Combat | 3 4 |  4.0
Fighting       | 1 |  1.0
Spellcasting   | 2 |  2.9
Transmutations | 2 |  2.5
Dodging        | |  1.7

Action                   |  1- 3 |  4- 6 || total
-------------------------+-------+-------++-------
Melee: Unarmed           |   126 |    46 ||   172
       Kick              |     9 |     3 ||    12
       Headbutt          |    11 |       ||    11
       Punch             |     3 |     2 ||     5
 Cast: Beastly Appendage |    33 |     8 ||    41
       Sticks to Snakes  |     4 |     4 ||     8
       Spider Form       |       |     2 ||     2
 Stab: Sleeping          |     1 |       ||     1
  Eat: Chunk             |     5 |     3 ||     8
Armor: Robe              |    27 |    12 ||    39
Dodge: Dodged            |    94 |    31 ||   125

Vault maps used:
D:1:      onia_arrival_mini_maze, minmay_misc_feat_roman,
          nemelex_xobeh_ov_fountains_minmay
D:2:      grunt_ministairs_10, moated_statue
D:3:      dk_noncrumbling_3, uniq_iyjb, uniq_crazy_yiuf_cottage, uniq_robin

Table legend:
 A = Turns spent in this place as a percentage of turns spent in the entire game.
 B = Non-inter-level travel turns spent in this place as a percentage of non-inter-level travel turns spent in the entire game.
 C = Inter-level travel turns spent in this place as a percentage of turns spent in this place.
 D = Turns resting spent in this place as a percentage of non-inter-level travel turns spent in this place.
 E = Turns spent auto-exploring this place as a percentage of non-inter-level travel turns spent in this place.
 F = Non-inter-level travel turns spent in this place divided by the number of levels of this place that you've seen.
                   A       B       C       D       E      F
               +-------+-------+-------+-------+-------+----------------------
         Total | 100.0 | 100.0 |   0.4 |   2.2 |   9.0 | 284.3
       Dungeon | 100.0 | 100.0 |   0.4 |   2.2 |   9.0 | 284.3
               +-------+-------+-------+-------+-------+----------------------

Table legend:
 A = Kills in this place as a percentage of kills in entire the game.
 B = Kills by you in this place as a percentage of kills by you in the entire game.
 C = Kills by friends in this place as a percentage of kills by friends in the entire game.
 D = Other kills in this place as a percentage of other kills in the entire game.
 E = Experience gained in this place as a percentage of experience gained in the entire game.
 F = Experience gained in this place divided by the number of levels of this place that you have seen.
                   A       B       C       D       E      F
               +-------+-------+-------+-------+-------+----------------------
         Total | 100.0 | 100.0 | 100.0 |  -nan | 100.0 |  67.3
       Dungeon | 100.0 | 100.0 | 100.0 |  -nan | 100.0 |  67.3
               +-------+-------+-------+-------+-------+----------------------
